 Dungeon Crawl Stone Soup version 0.30-a0-916-g9813417 (webtiles) character file.

Game seed: 7586719425671728591

261838 Illumine the Warrior (level 19, -6/98 HPs)
             Began as a Vine Stalker Fighter on Mar 20, 2023.
             Was the Champion of Hepliaklqana.
             Killed from afar by an ironbound thunderhulk (35 damage)
             ... with a bolt of lightning
             ... on level 3 of the Vaults.
             The game lasted 01:43:33 (33717 turns).

Illumine the Warrior (Vine Stalker Fighter)        Turns: 33717, Time: 01:43:33

Health: -6/98      AC: 34    Str: 20    XL:     19   Next: 97%
Magic:  0/36       EV: 13    Int: 10    God:    Hepliaklqana [******]
Gold:   703        SH: 16    Dex: 29    Spells: 31/42 levels left

rFire   + . .      SeeInvis .    a - +5 dagger (speed)
rCold   + . .      Faith    .    S - +2 kite shield {reflect}
rNeg    . . .      Spirit   +    Y - +9 scales of the Dragon King {rPois rF+ rC+ Will+}
rPois   +          Reflect  +    (no helmet)
rElec   .          Rampage  .    H - +2 cloak
rCorr   .                        (no gloves)
Will    +++..                    W - +2 pair of slick slippers {slick, slippery, EV+5} Stlth
                                 M - amulet of magic regeneration
HPRegen 1.16/turn                O - +6 ring of dexterity
MPRegen 0.65/turn                q - ring "Jatzetir" {Dex+4 Slay+4}

@: studying 2 skills
A: reduced essence, fangs 3, regeneration 1, magic shield, antimagic bite, no
potion heal 2
}: 2/15 runes: serpentine, barnacled
a: Renounce Religion, Recall Ancestor, Ancestor Identity, Transference, Idealise


You were on level 3 of the Vaults.
You worshipped Hepliaklqana.
Hepliaklqana was exalted by your worship.
You visited 6 branches of the dungeon, and saw 33 of its levels.
You also visited: Ice Cave.

You collected 3433 gold pieces.
You spent 2730 gold pieces at shops.

Inventory:

Hand Weapons
 a - a +5 dagger of speed (weapon)
 b - a +4 vampiric long sword
 j - a +1 dagger of holy wrath
Missiles
 n - 6 throwing nets (quivered)
 K - 3 curare-tipped darts
Armour
 l - the +0 pair of gloves of Polytheism {rF+ rCorr Dex-2}
   (You found it on level 2 of the Dungeon)

   Dex:       It affects your dexterity (-2).
   rF:        It protects you from fire.
   rCorr:     It protects you from acid and corrosion.
 H - a +2 cloak (worn)
 S - a +2 kite shield of reflection (worn)
 W - the +2 pair of slick slippers (worn) {slick, slippery, EV+5}
   (You bought it in a shop on level 4 of the Dungeon)

   Slick:     Its wearer cannot be constricted, engulfed, netted or webbed.
   Slippery:  It slips away from damaging melee attacks, pulling the attacker
   onward.
   EV:        It affects your evasion (+5).
 Y - the +9 scales of the Dragon King (worn) {rPois rF+ rC+ Will+}
   (You found it on level 13 of the Dungeon)

   rF:        It protects you from fire.
   rC:        It protects you from cold.
   rPois:     It protects you from poison.
   Will:      It increases your willpower.
Jewellery
 q - the ring "Jatzetir" (right hand) {Dex+4 Slay+4}
   (You bought it in a shop on level 3 of the Dungeon)

   [ring of slaying]

   Dex:       It affects your dexterity (+4).
   Slay:      It affects your accuracy & damage with ranged weapons and melee
   (+4).
 u - a ring of positive energy
 y - a ring of poison resistance
 A - a ring of willpower
 B - a ring of protection from fire
 D - a ring of protection from cold
 L - a ring of fire
 M - an amulet of magic regeneration (around neck)
 O - a +6 ring of dexterity (left hand)
 Q - a ring of see invisible
Wands
 w - a wand of polymorph (21)
 z - a wand of quicksilver (15)
 N - a wand of iceblast (23)
 T - a wand of charming (31)
 U - a wand of flame (7)
 X - a wand of mindburst (23)
Scrolls
 c - 6 scrolls of vulnerability
 e - 6 scrolls of teleportation
 g - 6 scrolls of torment
 k - 2 scrolls of brand weapon
 E - 7 scrolls of magic mapping
 G - a scroll of silence
 I - 5 scrolls of poison
 J - 3 scrolls of identify
 R - 2 scrolls of fog
Potions
 d - 5 potions of might
 f - 6 potions of flight
 i - 14 potions of curing
 o - 6 potions of lignification
 p - a potion of resistance {unknown}
 r - 3 potions of brilliance
 s - 2 potions of attraction
 t - 3 potions of haste
 v - 5 potions of invisibility
 x - a potion of cancellation {unknown}
 C - 3 potions of mutation
 F - 3 potions of magic
 V - 2 potions of berserk rage {unknown}
Miscellaneous
 m - a condenser vane
 P - a phantom mirror
 Z - a lightning rod (4/4)


   Skills:
 + Level 16.2 Fighting
 - Level 9.7(10.5) Short Blades
 - Level 6.4(9.0) Long Blades
 - Level 3.2 Axes
 * Level 14.2 Armour
 - Level 8.3 Dodging
 - Level 9.0 Stealth
 + Level 9.8 Shields
 - Level 12.0 Spellcasting
 - Level 2.5 Hexes
 - Level 7.8 Summonings
 - Level 2.5 Necromancy
 - Level 7.9 Earth Magic
 - Level 10.0 Invocations
 - Level 10.0 Evocations


You had 31 spell levels left.
You knew the following spells:

 Your Spells              Type           Power      Damage    Failure   Level
a - Anguish               Hex/Necr       5%         N/A       100%        4
b - Animate Armour        Summ/Erth      42%        N/A       99%         4
c - Stone Arrow           Conj/Erth      26%        3d8       100%        3

Your spell library contained the following spells:

 Spells                   Type           Power      Damage    Failure   Level
 Sandblast                Erth           42%        2d11      50%         1
 Summon Small Mammal      Summ           84%        N/A       52%         1
 Call Imp                 Summ           21%        N/A       65%         2
 Call Canine Familiar     Summ           21%        N/A       87%         3
 Slow                     Hex            44%        N/A       99%         1
 Passwall                 Tmut/Erth      10%        N/A       99%         2
 Summon Guardian Golem    Hex/Summ       16%        N/A       99%         3
 Freeze                   Ice            24%        1d4       100%        1
 Magic Dart               Conj           24%        1d4       100%        1
 Shock                    Conj/Air       24%        1d4       100%        1
 Sting                    Tmut/Pois      24%        1d4       100%        1
 Cigotuvi's Dreadful Rot  Necr/Pois/Air  14%        N/A       100%        2
 Poisonous Vapours        Pois/Air       12%        N/A       100%        2
 Scorch                   Fire           12%        2d6       100%        2
 Confusing Touch          Hex            11%        N/A       100%        3
 Frozen Ramparts          Ice            12%        1d2       100%        3
 Hailstorm                Conj/Ice       6%         3d4       100%        3
 Ignite Poison            Fire/Tmut/Pois 6%         N/A       100%        3
 Inner Flame              Hex/Fire       8%         N/A       100%        3
 Kindle Blastsparks       Fire/Tloc/Air  12%        2d11      100%        3
 Mephitic Cloud           Conj/Pois/Air  6%         N/A       100%        3
 Ozocubu's Armour         Ice            6%         N/A       100%        3
 Swiftness                Air            6%         N/A       100%        3
 Tukima's Dance           Hex            11%        N/A       100%        3
 Vampiric Draining        Necr           11%        2d6       100%        3
 Airstrike                Air            3%         2d(1-17)  100%        4
 Cause Fear               Hex            5%         N/A       100%        4
 Dispel Undead            Necr           11%        3d9       100%        4
 Flame Wave               Conj/Fire      6%         2d5       100%        4
 Olgreb's Toxic Radiance  Pois           6%         N/A       100%        4
 Passage of Golubria      Tloc           6%         N/A       100%        4
 Freezing Cloud           Conj/Ice/Air   3%         6-21      100%        5
 Metabolic Englaciation   Hex/Ice        4%         N/A       100%        5
 Yara's Violent Unravell  Hex/Tmut       4%         3d4       100%        5
 Death Channel            Necr           5%         N/A       100%        6
 Iron Shot                Conj/Erth      6%         9d2       100%        6
 Simulacrum               Ice/Necr       4%         N/A       100%        6
 Statue Form              Tmut/Erth      8%         N/A       100%        6
 Summon Cactus Giant      Summ           10%        N/A       100%        6
 Dragon Form              Tmut           3%         N/A       100%        7
 Enfeeble                 Hex            5%         N/A       100%        7
 Malign Gateway           Summ/Tloc      6%         N/A       100%        7
 Discord                  Hex            5%         N/A       100%        8
 Lehudib's Crystal Spear  Conj/Erth      6%         10d3      100%        8
 Summon Horrible Things   Summ           10%        N/A       100%        8
 Chain Lightning          Conj/Air       3%         3d4       100%        9
 Dragon's Call            Summ           10%        N/A       100%        9
 Fire Storm               Conj/Fire      3%         8d1       100%        9
 Shatter                  Erth           10%        3d12*     100%        9


Dungeon Overview and Level Annotations

Branches:
Dungeon (15/15)            Temple (0/1) D:6            Lair (5/5) D:10
 Shoals (4/4) Lair:3        Snake (4/4) Lair:2        Slime (0/5) Lair:5
    Orc (2/2) D:10         Vaults (3/5) D:13          Crypt (0/3) Vaults:2
 Depths (0/4) D:15          IceCv (visited)
    Elf: Orc:2

Altars:
Ashenzari
Cheibriados
Gozag
Hepliaklqana
Nemelex Xobeh
Vehumet
Wu Jian
Yredelemnul
Zin

Shops:
D:3 :=   D:4 [   D:6 [   D:7 *   D:9 **(   D:10 [[[(   Snake:4 [[   Vaults:2 !

Annotations:
D:9 3 runed translucent doors, Dorkslayer's ghost, journeyman MfFi
D:13 3 runed translucent doors, exclusion: ice statue, cpf86's ghost, adept KoBr
Orc:2 Rupert


Innate Abilities, Weirdness & Mutations

Your life essence is reduced to manifest your ancestor. (-10% HP)
You have razor-sharp teeth.
Your natural rate of healing is unusually fast.
When hurt, damage is shared between your health and your magic reserves.
Your bite disrupts and absorbs the magic of your enemies.
Potions cannot restore your health.


Message History

The vault warden hits you but does no damage.
The vault warden attacks as you move away!
You block the vault warden's attack.
The vault warden unwields a +3 war axe of freezing.
The vault warden wields a +0 arbalest.
The vault warden shoots a bolt.
You reflect the bolt off your +2 kite shield of reflection!
The bolt hits the vault warden!!
As you read the scroll of teleportation, it crumbles to dust.
You feel strangely unstable.
The ironbound preserver seems to regain its courage.
The ironbound preserver is no longer paralysed.
The ironbound thunderhulk barely misses you.
The vault warden falters for a moment.
Unknown command.
The ironbound thunderhulk barely misses you.
You barely miss the ironbound thunderhulk.
Your bite misses the ironbound thunderhulk.
You hit the ironbound thunderhulk. You bite the ironbound thunderhulk!
The ironbound thunderhulk's magic leaks into the air.
You drain its magic.
You feel invigorated.
The ironbound thunderhulk is lightly wounded.
The ironbound preserver mumbles some strange words.
The ironbound preserver begins to accept its allies' injuries.
You puncture the ironbound thunderhulk! You bite the ironbound thunderhulk!
The ironbound thunderhulk's magic leaks into the air.
You drain its magic.
The ironbound thunderhulk is moderately wounded.
Your surroundings suddenly seem different.
You start resting.
An ironbound thunderhulk is nearby!
The ironbound thunderhulk shouts!
Strange energies crackle from the ironbound thunderhulk's apparatus.
The ironbound thunderhulk blinks!
Nhala emerges from the mists of memory!
Electricity crackles from the ironbound thunderhulk's apparatus.
The bolt of lightning hits you!!!
* * * LOW HITPOINT WARNING * * *
Electricity crackles from the ironbound thunderhulk's apparatus.
The bolt of lightning hits you!!!
You die...

#......# #......#
#......# #......#
#####'######......#
+..........#......#
#..........#......#
#..........#...R..#
#..........#......#
#..........'.[....#
#..........#...@..#
############......#
#......# #...O..#
#......# ###)'#'###
#...#...# #...##.##
#...#.#R# #..#


You could see the friendly Nhala the hexer and an ironbound thunderhulk (ally
target).

Vanquished Creatures
  Jorgrun (Orc:2)
  2 sphinxes (Shoals:4)
  2 nagarajas (Snake:4)
  Roxanne (Snake:4)
  A fire giant (Vaults:1)
  2 frost giants (IceCv)
  7 vault wardens
  An orc warlord (Vaults:1)
  A ghoul (Vaults:2)
  8 ironbound preservers
  7 ironbound thunderhulks
  2 very ugly things (Vaults:1)
  Nessos (D:12)
  2 minotaurs (Shoals:4)
  A white draconian (IceCv)
  9 dire elephants (Vaults:1)
  An eidolon (Vaults:2)
  2 merfolk impalers
  An entropy weaver (Vaults:2)
  A fire dragon (D:15)
  6 yaktaur captains
  A great orb of eyes (Vaults:1)
  5 ice dragons
  5 vault guards
  A rakshasa (D:14)
  A peacekeeper (Vaults:1)
  2 hydras
  2 salamander tyrants (Snake:4)
  10 ironbound frosthearts
  2 catoblepae (Lair:4)
  8 centaur warriors
  A merfolk avatar (Shoals:2)
  An alligator snapping turtle (Shoals:4)
  3 boulder beetles
  11 anacondas
  12 naga warriors
  6 satyrs (Shoals:4)
  3 two-headed ogres
  6 death yaks (Lair:5)
  3 tengu warriors
  5 naga sharpshooters (Snake:4)
  Urug (Lair:1)
  9 shock serpents
  9 salamander mystics
  A fire crab (shapeshifter) (D:14)
  4 skysharks
  Amaemon (Lair:3)
  4 sea snakes
  2 obsidian statues (D:14)
  A goliath frog (Lair:5)
  6 ironbound convokers
  4 wizards
  An orange crystal statue (IceCv)
  4 naga ritualists
  24 deep trolls
  13 lindwurms
  12 harpies
  4 necromancers
  3 orc knights
  2 deep elf pyromancers (D:14)
  15 mana vipers
  6 cyclopes
  8 fauns (Shoals:4)
  A human zombie (Vaults:1)
  10 manticores
  14 ugly things
  8 naga magi
  25 black mambas
  3 merfolk sirens
  8 salamanders
  4 elephants (Lair:5)
  2 water nymphs
  4 guardian serpents (Snake:4)
  12 cane toads
  5 vault sentinels
  An orange demon (Lair:3)
  2 freezing wraiths (D:14)
  6 rime drakes (IceCv)
  2 kobold demonologists (D:12)
  2 tengu conjurers (D:13)
  16 yaktaurs
  3 ice devils (D:13)
  6 komodo dragons
  A yaktaur skeleton (Vaults:1)
  18 merfolk
  A tyrant leech (Lair:5)
  4 trolls
  12 polar bears
  A hornet (D:9)
  A wind drake (shapeshifter) (D:14)
  Prince Ribbit (Lair:1)
  13 dream sheep
  4 wind drakes
  15 blink frogs
  6 snapping turtles
  2 wraiths
  13 slime creatures
  A shadow (D:12)
  A water elemental (Shoals:3)
  6 wyverns
  2 fire bats (Lair:3)
  A vampire (D:10)
  16 humans (D:13)
  15 yaks
  2 basilisks
  A fire elemental (Lair:3)
  A redback (Vaults:2)
  7 vampire mosquitoes
  24 nagas
  3 hexers
  2 acid dragons
  A warg (Orc:1)
  13 water moccasins
  A glowing shapeshifter skeleton (Vaults:1)
  14 orc warriors
  A sky beast (D:8)
  4 black bears
  2 ogres
  3 boggarts (Vaults:2)
  16 wolves
  A centaur (D:9)
  4 kobold brigands
  A scorpion (D:10)
  17 bullfrogs
  A human simulacrum (Vaults:1)
  3 killer bees (D:9)
  5 howler monkeys
  6 electric eels
  A crimson imp (D:13)
  3 jellies
  A hound (D:4)
  5 orc priests
  Jessica (D:2)
  Ijyb (D:4)
  3 iguanas
  7 orc wizards
  5 adders
  5 gnolls
  A shadow imp (D:7)
  2 ufetubi (D:13)
  3 worms
  A dart slug (D:4)
  43 orcs
  5 endoplasms
  3 giant cockroaches
  4 hobgoblins
  8 jackals (D:2)
  16 kobolds
  5 quokkas
  2 ball pythons
  6 bats
  A frilled lizard (D:2)
  A goblin (D:2)
  2 rats (D:2)
817 creatures vanquished.

Vanquished Creatures (collateral kills)
  A nagaraja (Snake:4)
  A vault warden (Vaults:1)
  An ironbound preserver (Vaults:2)
  An ironbound thunderhulk (Vaults:2)
  A merfolk impaler (Shoals:4)
  A yaktaur captain (Vaults:3)
  A salamander tyrant (Snake:4)
  An ice dragon (IceCv)
  A vault guard (Vaults:1)
  2 great orbs of eyes
  A hydra (Lair:2)
  An ironbound frostheart (IceCv)
  A catoblepas (D:15)
  A merfolk avatar (Shoals:1)
  An anaconda (Snake:3)
  A naga warrior (Snake:4)
  Sonja (D:10)
  3 salamander mystics (Snake:4)
  2 sea snakes
  4 deep trolls
  A naga ritualist (Snake:2)
  An orc knight (Orc:1)
  An ironbound convoker (Vaults:1)
  2 lindwurms (Vaults:1)
  2 cyclopes
  4 mana vipers
  5 manticores
  A faun (Shoals:4)
  3 ugly things
  2 salamanders (Snake:4)
  A merfolk siren (Shoals:4)
  A guardian serpent (Snake:4)
  2 water nymphs (Shoals:4)
  A vault sentinel (Vaults:1)
  2 cane toads (Lair:5)
  6 black mambas
  A naga mage (Snake:4)
  3 rime drakes
  An unseen horror (D:10)
  A gargoyle (D:11)
  Maggie (D:10)
  A yaktaur (D:15)
  2 komodo dragons
  A yaktaur (shapeshifter) (D:9)
  2 merfolk (Shoals:1)
  A wind drake (Shoals:1)
  A hornet (D:8)
  3 dream sheep (Lair:3)
  2 blink frogs (Lair:5)
  A slime creature (Vaults:2)
  A water elemental (Shoals:1)
  8 yaks
  A wraith (D:11)
  A fire bat (Lair:3)
  5 humans (D:13)
  A redback (Vaults:2)
  2 vampire mosquitoes (D:11)
  6 nagas
  2 water moccasins
  A black bear (D:4)
  2 orc warriors (D:10)
  2 ogres
  3 sky beasts
  A wolf (Lair:2)
  2 centaurs
  A phantom (D:4)
  A kobold brigand (D:8)
  7 bullfrogs
  2 gnoll sergeants
  A scorpion (D:10)
  A killer bee (D:9)
  3 howler monkeys
  A hound (D:6)
  4 orc wizards
  2 iguanas (D:4)
  8 gnolls
  2 adders
  3 ufetubi
  A worm (D:4)
  A dart slug (D:4)
  14 orcs
  An endoplasm (D:4)
  A goblin (D:4)
  A hobgoblin (D:7)
  7 kobolds
183 creatures vanquished.

Vanquished Creatures (others)
  A manticore (Shoals:2)
  39 hexers
  2 orcs (D:10)
  A bush (Lair:2)
  61 fungi
  137 plants
241 creatures vanquished.

Grand Total: 1241 creatures vanquished

Notes
Turn   | Place    | Note
-------+----------+-------------------------------------------
     0 | D:1      | Illumine the Vine Stalker Fighter began the quest for the
                  | Orb.
     0 | D:1      | Reached XP level 1. HP: 11/11 MP: 2/2
   247 | D:1      | Found a faded altar of an unknown god.
   892 | D:2      | Reached XP level 2. HP: 6/16 MP: 1/3
  1135 | D:2      | Found a hazy altar of Hepliaklqana.
  1246 | D:2      | Became a worshipper of Hepliaklqana the Forgotten
  1359 | D:2      | Reached XP level 3. HP: 15/19 MP: 2/4
  1516 | D:2      | Identified the +0 pair of gloves of Polytheism {rF+ rCorr
                  | Dex-2}
  1727 | D:2      | Noticed Jessica
  1738 | D:2      | Killed Jessica
  1739 | D:2      | Reached skill level 1 in Spellcasting
  1739 | D:2      | Reached skill level 1 in Evocations
  1739 | D:2      | Gained mutation: Your natural rate of healing is unusually
                  | fast. [Vine Stalker growth]
  1739 | D:2      | Reached XP level 4. HP: 15/23 MP: 3/6
  2010 | D:2      | Reached skill level 3 in Fighting
  2065 | D:3      | Reached XP level 5. HP: 22/28 MP: 4/8
  2244 | D:3      | Reached * piety under Hepliaklqana
  2726 | D:3      | Found Cebbudad's Jewellery Emporium.
  2804 | D:3      | Found Mupywnab's Book Shop.
  3169 | D:4      | Reached XP level 6. HP: 28/28 MP: 9/9
  3384 | D:4      | Reached ** piety under Hepliaklqana
  3385 | D:4      | Remembered your ancestor Nhala as a hexer
  3420 | D:4      | Noticed a black bear
  3427 | D:4      | Killed a black bear
  3519 | D:4      | Reached skill level 1 in Axes
  3529 | D:4      | Reached XP level 7. HP: 32/32 MP: 8/11
  3591 | D:4      | Found Ziot Weo's Antique Armour Emporium.
  3786 | D:4      | Noticed Ijyb
  3795 | D:4      | Killed Ijyb
  3985 | D:5      | Entered Level 5 of the Dungeon
  4193 | D:5      | Noticed a wyvern
  4201 | D:5      | Killed a wyvern
  4245 | D:5      | Reached skill level 4 in Fighting
  4245 | D:5      | Gained mutation: You have razor-sharp teeth. [Vine Stalker
                  | growth]
  4245 | D:5      | Reached XP level 8. HP: 37/37 MP: 13/13
  4644 | D:6      | Reached *** piety under Hepliaklqana
  4766 | D:6      | Reached skill level 1 in Short Blades
  4766 | D:6      | Reached skill level 1 in Invocations
  4806 | D:6      | Found a staircase to the Ecumenical Temple.
  4910 | D:6      | Found Oppiowum's Antique Armour Shop.
  4914 | D:6      | Bought an embroidered cloak for 247 gold pieces
  5048 | D:6      | Found a sparkling altar of Nemelex Xobeh.
  5048 | D:6      | Found a snail-covered altar of Cheibriados.
  5055 | D:6      | Found a broken altar of Ashenzari.
  5058 | D:6      | Found an ornate altar of the Wu Jian Council.
  5060 | D:6      | Found a basalt altar of Yredelemnul.
  5258 | D:7      | Found an opulent altar of Gozag.
  5268 | D:7      | Found Gozag's Platinum Reserve.
  5351 | D:7      | Identified the +2 glaive of Insufficient Pleasure {elec,
                  | rF+ Str+2 Dex+7}
  5365 | D:7      | Found a radiant altar of Vehumet.
  5412 | D:7      | Found a glowing silver altar of Zin.
  5412 | D:7      | Noticed an angel
  5625 | D:7      | Reached skill level 5 in Evocations
  5654 | D:7      | Reached skill level 1 in Stealth
  5654 | D:7      | Reached XP level 9. HP: 41/41 MP: 15/15
  5659 | D:7      | Reached skill level 1 in Dodging
  6336 | D:8      | Reached **** piety under Hepliaklqana
  6349 | D:8      | Noticed a hornet
  6355 | D:8      | Killed a hornet
  6620 | D:9      | Found Votwoj's Lightly-Used Armoury.
  6633 | D:9      | Reached skill level 5 in Fighting
  6797 | D:9      | Noticed a yaktaur
  6800 | D:9      | Killed a yaktaur
  6819 | D:9      | Reached XP level 10. HP: 45/45 MP: 17/17
  6924 | D:9      | Found Nalitowe's Antique Weapon Shop.
  6928 | D:9      | Found Qillovoc's Assorted Antiques.
  7346 | D:9      | Found a hazy altar of Hepliaklqana.
  7496 | D:9      | Found a runed translucent gate.
  7497 | D:9      | Found a runed translucent gate.
  7498 | D:9      | Noticed a kobold demonologist
  7499 | D:9      | Noticed Dorkslayer's ghost (journeyman MfFi)
  7500 | D:9      | Found a runed translucent gate.
  7501 | D:9      | Noticed a kobold demonologist
  7573 | D:10     | Entered Level 10 of the Dungeon
  7573 | D:10     | Found Opsoshoqut's Armour Shop.
  7576 | D:10     | Bought a +1 buckler of protection for 231 gold pieces
  7628 | D:10     | Found a staircase to the Lair.
  7642 | D:10     | Reached skill level 5 in Armour
  7666 | D:10     | Killed an unseen horror
  7667 | D:10     | Reached skill level 5 in Short Blades
  7667 | D:10     | Reached skill level 5 in Spellcasting
  7683 | D:10     | Noticed Sonja
  7802 | D:10     | Killed Sonja
  7858 | D:9      | Reached skill level 5 in Stealth
  8131 | D:10     | Found a staircase to the Orcish Mines.
  8149 | D:10     | Reached XP level 11. HP: 38/50 MP: 20/20
  8196 | D:10     | Reached skill level 6 in Fighting
  8240 | D:10     | Noticed Maggie
  8258 | D:10     | Killed Maggie
  8270 | D:10     | Found Zufuuci's Antique Armour Shop.
  8331 | D:10     | Found Kafuap's Antique Weapon Shop.
  8482 | D:10     | Found Vaed Wogg's Antique Armour Boutique.
  8582 | D:11     | HP: 1/50 [vampire mosquito (8)]
  8997 | D:11     | Reached ***** piety under Hepliaklqana
  9284 | D:11     | Reached skill level 5 in Invocations
  9620 | Lair:1   | Entered Level 1 of the Lair of Beasts
  9756 | Lair:1   | Identified the +4 leather armour of Vaoruar {*Slow rC+
                  | Regen+ Dex+6}
  9869 | Lair:1   | Noticed Prince Ribbit
  9883 | Lair:1   | Killed Prince Ribbit
  9990 | Lair:1   | Noticed Urug
  9997 | Lair:1   | Killed Urug
 10329 | Lair:1   | Found a glowing silver altar of Zin.
 10629 | Lair:2   | Reached XP level 12. HP: 48/55 MP: 19/22
 10778 | Lair:2   | Noticed a four-headed hydra
 10787 | Lair:2   | Killed a four-headed hydra
 10855 | Lair:2   | Reached skill level 7 in Fighting
 10999 | Lair:2   | Noticed an eight-headed hydra
 11007 | Lair:2   | Killed an eight-headed hydra
 11104 | Lair:2   | Found a staircase to the Snake Pit.
 11222 | Lair:2   | Reached skill level 5 in Dodging
 11224 | Lair:2   | You fall into a shaft and drop 1 floor!
 11286 | Lair:3   | Found a staircase to the Shoals.
 11468 | Lair:3   | Noticed Amaemon
 11480 | Lair:3   | Killed Amaemon
 12499 | Lair:4   | Noticed a catoblepas
 12504 | Lair:4   | Killed a catoblepas
 12525 | Lair:4   | Noticed a catoblepas
 12557 | Lair:4   | Killed a catoblepas
 12558 | Lair:4   | Reached XP level 13. HP: 61/61 MP: 25/25
 12658 | Lair:4   | Reached ****** piety under Hepliaklqana
 13295 | Lair:5   | Entered Level 5 of the Lair of Beasts
 13306 | Lair:5   | Reached skill level 8 in Fighting
 13616 | Lair:5   | Found a staircase to the Slime Pits.
 13872 | Lair:5   | Identified the staff of earth "Juviticu" {Drain rN+ Int+5}
 14183 | Lair:5   | Reached skill level 9 in Fighting
 14235 | Lair:5   | Reached XP level 14. HP: 56/67 MP: 22/28
 14722 | Orc:1    | Entered Level 1 of the Orcish Mines
 15148 | D:3      | Bought the ring "Jatzetir" {Dex+4 Slay+4} for 934 gold
                  | pieces
 15553 | Orc:2    | Entered Level 2 of the Orcish Mines
 15561 | Orc:2    | Noticed Rupert
 15815 | Orc:2    | Noticed Jorgrun
 15831 | Orc:2    | Killed Jorgrun
 15832 | Orc:2    | Reached skill level 10 in Spellcasting
 16789 | D:12     | Identified the +1 robe "Huurr" {rC+ Int+2}
 16824 | D:12     | Noticed Nessos
 16838 | D:12     | Killed Nessos
 17159 | D:13     | Reached skill level 10 in Fighting
 17159 | D:13     | Reached skill level 10 in Invocations
 17287 | D:13     | Learned a level 4 spell: Anguish
 17343 | D:13     | Identified the +2 robe of Linaifink {Int+2}
 17405 | D:13     | Reached skill level 1 in Hexes
 17407 | D:13     | Reached skill level 1 in Necromancy
 17429 | D:13     | Found a gate to the Vaults.
 17843 | D:14     | Reached XP level 15. HP: 72/72 MP: 30/30
 18143 | D:4      | Bought the +2 pair of slick slippers {slick, slippery,
                  | EV+5} for 850 gold pieces
 18143 | D:4      | Found the +2 pair of slick slippers {slick, slippery, EV+5}
 18365 | D:13     | Found a runed translucent gate.
 18365 | D:13     | Found a runed translucent gate.
 18365 | D:13     | Found a runed translucent gate.
 18368 | D:13     | Noticed cpf86's ghost (adept KoBr)
 18396 | D:13     | Found the +9 scales of the Dragon King {rPois rF+ rC+
                  | Will+}
 19119 | D:15     | Entered Level 15 of the Dungeon
 19788 | D:15     | Found a staircase to the Depths.
 20361 | D:15     | Reached skill level 11 in Fighting
 20854 | Snake:1  | Entered Level 1 of the Snake Pit
 22817 | Snake:2  | Reached skill level 12 in Fighting
 22844 | Snake:2  | Reached XP level 16. HP: 48/79 MP: 32/32
 23230 | D:3      | Bought a book of Armaments for 468 gold pieces
 23235 | D:3      | Learned a level 4 spell: Animate Armour
 23510 | Snake:3  | Reached skill level 1 in Summonings
 23520 | Snake:3  | Reached skill level 1 in Earth Magic
 24811 | Snake:4  | Entered Level 4 of the Snake Pit
 24930 | Snake:4  | Found Qymmute's Antique Armour Emporium.
 24930 | Snake:4  | Found Yretwaneo's Antique Armour Shoppe.
 25288 | Snake:4  | Reached skill level 5 in Shields
 25417 | Snake:4  | Identified a scroll of acquirement
 25417 | Snake:4  | Acquired a manual of Transmutations
 25564 | Snake:4  | Noticed a nagaraja
 25573 | Snake:4  | Killed a nagaraja
 25694 | Snake:4  | Identified Roxanne's Octavo of the Lithosphere
 25694 | Snake:4  | Noticed Roxanne
 25726 | Snake:4  | Killed Roxanne
 25943 | Snake:4  | Reached skill level 13 in Fighting
 25988 | Snake:4  | Reached skill level 10 in Armour
 26302 | Snake:4  | Noticed a nagaraja
 26353 | Snake:4  | Killed a nagaraja
 26445 | Snake:4  | Noticed a nagaraja
 26507 | Snake:4  | Killed a nagaraja
 26508 | Snake:4  | Reached XP level 17. HP: 6/85 MP: 13/34
 27081 | Snake:4  | Got a serpentine rune of Zot
 27365 | Shoals:1 | Entered Level 1 of the Shoals
 27548 | Shoals:1 | Reached skill level 5 in Earth Magic
 27590 | Shoals:1 | Reached skill level 5 in Summonings
 27870 | Shoals:2 | Learned a level 3 spell: Stone Arrow
 27876 | Shoals:3 | Found a frozen archway.
 27957 | IceCv    | Entered an ice cave
 28033 | IceCv    | Reached skill level 14 in Fighting
 28341 | IceCv    | Reached skill level 5 in Long Blades
 28853 | Shoals:4 | Entered Level 4 of the Shoals
 28994 | Shoals:4 | Reached XP level 18. HP: 87/91 MP: 33/35
 29381 | Shoals:4 | Identified the +6 morningstar "Cuophas" {heavy, Str+2 SInv}
 29383 | Shoals:4 | Got a barnacled rune of Zot
 29384 | Shoals:4 | Identified the +6 triple sword "Impbane" {antimagic,
                  | Fragile rN+ rCorr Dex+3}
 29710 | Shoals:2 | Reached skill level 15 in Fighting
 29988 | Vaults:1 | Entered Level 1 of the Vaults
 30965 | Vaults:1 | Reached XP level 19. HP: 39/97 MP: 36/36
 32205 | Vaults:2 | Identified the +0 leather armour of Lugonu's Displeasure
                  | {rPois rCorr Dex+2}
 32573 | Vaults:2 | Found Alikk's Distillery.
 32996 | Vaults:2 | Reached skill level 10 in Evocations
 32998 | Vaults:2 | Reached skill level 16 in Fighting
 33436 | Vaults:2 | Found a staircase to the Crypt.
 33717 | Vaults:3 | Killed from afar by an ironbound thunderhulk

Illustrated notes

Levels and vault maps discovered:
D:1:      minmay_arrival_cross, layout_basic,
          shapermc_ecumenical_altar_hornbeckon
D:2:      layout_basic, basic_altar, uniq_jessica
D:3:      layout_basic, serial_shops, nicolae_shop_behind_doors, shop,
          minmay_misc_feat_doors, kennysheep_nondescript,
          palyth_stone_intersect, grunt_ministairs_7, nrook_loot_triangle,
          nrook_campfire, grunt_decor_cap, solitary_fountain
D:4:      layout_basic, serial_shops, shop_coins, uniq_ijyb
D:5:      layout_basic
D:6:      layout_basic, chequers_temple_overflow_minitemple,
          minmay_temple_entry_water_ring, serial_shops, kennysheep_little_box,
          minmay_fractal_squares_gapless_5
D:7:      layout_basic, nicolae_gozag_zags_fifth_avenue, vehumet_altar_wand_db,
          zin_angel
D:8:      layout_cave_pools, roderic_serpentine_path
D:9:      layout_loops_ring, nicolae_hepliaklqana_hippocampus,
          gammafunk_ghost_nasty_kobolds, minmay_shop_damaged,
          nicolae_wooded_promenade, nicolae_titane
D:10:     layout_basic, due_lair_maze_entry_diamond, erik_orc_2, serial_shops,
          shop, nicolae_stop_n_shop_2, shop, nicolae_shop_window_shopping,
          uniq_maggie, uniq_sonja
D:11:     layout_basic
D:12:     layout_gridville, uniq_nessos
D:13:     cheibrodos_frozen_isle, layout_basic, grunt_vaults_entry_tiered,
          biasface_ghost_orc_armoury
D:14:     layout_cave_pools, kennysheep_another_room, minivault_15, minivault_16
D:15:     grunt_enter_depths_hoard, layout_loops_corners,
          chequers_serial_rivers_small_3
Lair:1:   layout_roguey, basic_altar, uniq_prince_ribbit2, uniq_urug
Lair:2:   wander_river, layout_regular_city,
          minmay_snake_entry_guardpost_medium, st_stairs_4,
          chequers_serial_rivers_micro_d, cheibrodos_lair_lostbears
Lair:3:   layout_gridlike, shoals_dummy_entry, st_stairs_3, minivault_11,
          uniq_amaemon
Lair:4:   layout_cave_pods, serial_bayou_shore_b
Lair:5:   minmay_lair_end_frog_pond, layout_regular_city,
          nicolae_slime_entry_field_trip
Shoals:1: layout_shoals
Shoals:2: nicolae_shoals_lighthouse, layout_shoals, uniq_ilsuiw, uniq_donald
Shoals:3: layout_shoals, serial_shops, shop, portal_ice_cave_entry_pillars_1,
          uniq_polyphemus
Shoals:4: shoals_end_hellmonk_lost_city
Snake:1:  layout_cave_shapes
Snake:2:  layout_cave_town
Snake:3:  layout_layer_cave, grunt_megastairs_5
Snake:4:  snake_pit_salamanders_mu, layout_cave_town, minmay_shoptagon,
          uniq_roxanne
Orc:1:    layout_caves
Orc:2:    st_orc_elflike, layout_caves, uniq_rupert, uniq_jorgrun
Vaults:1: ontoclasm_vaults_claustrophobia, nicolae_vaults_big_angled_halls,
          nicolae_vaults_network_square, nicolae_vaults_little_ls,
          ontoclasm_vaults_ring_small, v_rooms_4, vaults_room_door_ring,
          nicolae_vaults_border_crossing, ontoclasm_vaults_eye,
          vaults_room_hallway, nicolae_vaults_alarming, vaults_dpeg_hooks,
          layout_vaults_omnigrid
Vaults:2: v_misc_13, vaults_dpeg_emergency_exit, v_misc_8,
          minmay_crypt_entry_simple_sparse, v_alt_pattern_1, v_misc_4,
          nicolae_vaults_network_star, ontoclasm_vaults_shuriken,
          hangedman_vaults_pinch, vaults_mumra_hexcomb, v_misc_5,
          nicolae_vaults_mini_display_case, layout_vaults_chaotic_city,
          serial_shops, nicolae_diamond_shop
Vaults:3: v_pattern_3, hangedman_vaults_slice, hangedman_vaults_cutoff,
          v_misc_27, v_misc_10, hangedman_vaults_river_flow, serial_ice_h,
          v_misc_13, vaults_room_hallway, hangedman_vaults_stretched_pinwheel,
          layout_vaults_omnicross, uniq_sojobo

Skill      XL: |  1  2  3  4  5  6  7  8  9 10 11 12 13 14 15 16 17 18 19 |
---------------+----------------------------------------------------------+-----
Long Blades    | 2 3 5 6 |  6.4
Spellcasting   | 1 2 3 4 5 6 7 9 10 11 12 | 12.0
Evocations     | 1 2 3 4 5 6 8 10 | 10.0
Fighting       | 3 4 5 6 7 9 10 12 13 14 15 16 | 16.2
Shields        | 3 4 5 7 8 9 |  9.8
Armour         | 3 4 5 6 8 10 11 12 14 | 14.2
Axes           | 1 2 3 |  3.2
Short Blades   | 2 4 6 7 9 |  9.7
Invocations    | 2 3 4 5 7 8 10 | 10.0
Stealth        | 1 3 5 7 8 9 |  9.0
Dodging        | 2 3 4 5 7 8 |  8.3
Hexes          | 2 |  2.5
Necromancy     | 2 |  2.5
Summonings     | 4 6 7 |  7.8
Earth Magic    | 4 6 7 |  7.9

Action                     |  1- 3 |  4- 6 |  7- 9 | 10-12 | 13-15 | 16-18 | 19-21 || total
---------------------------+-------+-------+-------+-------+-------+-------+-------++-------
  Melee: Long sword        |    94 |    45 |       |       |       |    71 |    42 ||   252
         Bite              |    19 |    27 |    74 |   260 |   680 |   906 |   276 ||  2242
         Rapier            |       |    54 |       |       |       |       |       ||    54
         Hand axe          |       |    14 |    45 |       |       |       |       ||    59
         Dagger            |       |       |   159 |   613 |  1314 |  1614 |   407 ||  4107
 Invoke: Recall Ancestor   |       |     1 |       |     1 |    16 |     4 |     2 ||    24
         Ancestor Life: He |       |     1 |       |       |       |       |       ||     1
         Ancestor Identity |       |       |       |     1 |       |       |       ||     1
         Idealise          |       |       |       |       |       |     4 |     1 ||     5
  Evoke: Wand              |       |       |       |    11 |    13 |     5 |       ||    29
         Condenser vane    |       |       |       |       |       |     5 |       ||     5
         Phantom mirror    |       |       |       |       |       |     1 |       ||     1
         Lightning rod     |       |       |       |       |       |     5 |       ||     5
    Use: Scroll            |       |     1 |     3 |    16 |     9 |    12 |     6 ||    47
         Potion            |       |       |       |       |     4 |     3 |       ||     7
   Stab: Confused          |       |     2 |     3 |    17 |    23 |    26 |    26 ||    97
         Distracted        |       |       |     3 |    16 |    19 |    17 |     7 ||    62
         Sleeping          |       |       |       |     8 |     4 |       |       ||    12
         Paralysed         |       |       |       |       |    13 |    45 |    17 ||    75
 Armour: Scale mail        |    45 |       |       |       |       |       |       ||    45
         Plate armour      |     6 |    62 |   104 |     3 |       |       |       ||   175
         Acid dragon scale |       |       |       |   129 |       |       |       ||   129
         Leather armour    |       |       |       |    55 |   140 |       |       ||   195
         Gold dragon scale |       |       |       |       |   107 |   576 |   162 ||   845
  Dodge: Dodged            |    51 |    19 |    46 |   306 |   522 |   397 |   127 ||  1468
  Block: Buckler           |    34 |    26 |    45 |   217 |   334 |    20 |       ||   676
         Kite shield       |       |       |       |       |       |   669 |   292 ||   961
         Reflection        |       |       |       |       |       |    47 |    25 ||    72

Table legend: (Time is in decaauts)
 A = Elapsed time spent in this place.
 B = Non-inter-level travel time spent in this place.
 C = Inter-level travel time spent in this place.
 D = Time resting spent in this place.
 E = Time spent auto-exploring this place.
 F = Levels seen in this place.
 G = Mean time per level.
                   A        B        C        D        E       F      G
               +--------+--------+--------+--------+--------+-----+--------+
         Total |  31963 |  27895 |   4068 |   2486 |  18088 |  34 |  940.1 |
       Dungeon |  15257 |  12800 |   2457 |    714 |   9485 |  15 | 1017.1 |
          Lair |   5589 |   4578 |   1011 |    244 |   3127 |   5 | 1117.8 |
        Shoals |   1428 |   1339 |     89 |    283 |    266 |   4 |  357.0 |
     Snake Pit |   5016 |   4600 |    416 |    740 |   2648 |   4 | 1254.0 |
  Orcish Mines |    670 |    613 |     57 |     42 |    319 |   2 |  335.0 |
        Vaults |   3357 |   3321 |     36 |    363 |   2028 |   3 | 1119.0 |
      Ice Cave |    643 |    643 |      0 |     99 |    214 |   1 |  643.0 |
               +--------+--------+--------+--------+--------+-----+--------+

Top non-repeatable levels by time:
 Snake:4: 2125 daAuts
Vaults:1: 1861 daAuts
    D:10: 1634 daAuts
    D:11: 1504 daAuts
Vaults:2: 1368 daAuts
  Lair:1: 1365 daAuts
 Snake:3: 1298 daAuts
  Lair:2: 1281 daAuts
     D:2: 1208 daAuts
     D:3: 1178 daAuts
     D:9: 1112 daAuts
    D:15: 1102 daAuts
     D:4: 1070 daAuts
  Lair:3: 1050 daAuts
     D:7: 1034 daAuts
